Cape Breton Oilers vs Edmonton Oil Kings
Created - Saturday, April 8, 2023 at 07:27
Goals
|
| Cape Breton Oilers |
0 |
0 |
1 |
1 |
| Edmonton Oil Kings |
1 |
1 |
1 |
3 |
|
Shots
|
| Cape Breton Oilers |
11 |
8 |
4 |
23 |
| Edmonton Oil Kings |
13 |
17 |
14 |
44 |
|
1st period
1. Edmonton Oil Kings , Connor McMichael 4 (Jack Johnson 8, Karel Vejmelka) at 12:32
Penalties :
Dysin Mayo (EOK) for Holding (Minor) at 8:55, Max Jones (CBO) for Tripping (Minor) at 13:57, Jack McBain (CBO) for High sticking (Minor) at 19:38
2nd period
2. Edmonton Oil Kings , Dillon Dube 14 (Dawson Mercer 27, Dysin Mayo 17) at 3:22 (PP)
Penalties :
Max Jones (CBO) for Slashing (Double Minor) at 2:45, Parker Kelly (CBO) for Hooking (Minor) at 9:08, Dylan Holloway (EOK) for Slashing (Minor) at 16:16
3rd period
3. Edmonton Oil Kings , Joey Anderson 10 (Tyler Angle 5, Morgan Barron 5) at 3:17
4. Cape Breton Oilers , Parker Kelly 4 (Jack McBain 13, Carl Grundstrom 13) at 3:55 (PP)
Penalties :
Dysin Mayo (EOK) for Tripping (Minor) at 3:50
Goalie Stats
Jack LaFontaine (CBO), 41 saves from 44 shots - (0.932), L, 1-3-0, 60:00 minutes
Karel Vejmelka (EOK), 22 saves from 23 shots - (0.957), W, 8-2-1, 60:00 minutes
Players Stats for Cape Breton Oilers
Player Name G A P +/- PIM S H SB GA TA FO MP PP MP PK MP
------------------------------------------------------------------------------------
Alexey Toropchenko 0 0 0 -1 0 2 1 1 0 0 1/1 17:41 1:46 1:42
Carl Grundstrom 0 1 1 -1 0 6 0 0 3 0 0/0 19:43 2:03 2:29
Dylan McIlrath 0 0 0 -1 0 0 0 0 0 0 0/0 6:49 0:00 0:00
Egor Afanasyev 0 0 0 -1 0 4 1 1 1 0 2/6 17:49 1:46 2:25
Hudson Fasching 0 0 0 0 0 1 1 1 1 1 0/1 16:16 0:14 0:00
J.D. Greenway 0 0 0 -1 0 0 0 1 0 0 0/0 6:49 0:00 0:00
Jack McBain 0 1 1 -1 2 2 0 1 0 2 13/31 22:56 2:16 3:48
Juuso Valimaki 0 0 0 0 0 0 0 1 1 2 0/0 24:10 2:06 5:30
Kevin Bahl 0 0 0 0 0 0 0 1 0 0 0/0 18:58 1:57 3:03
Kody Clark 0 0 0 0 0 2 0 0 0 1 1/6 15:44 0:00 0:00
Leon Gawanke 0 0 0 -1 0 0 0 0 0 0 0/0 10:44 0:00 0:00
Luke Evangelista 0 0 0 0 0 0 0 0 0 0 1/1 4:50 0:21 0:00
Marcus Pettersson 0 0 0 0 0 1 3 2 0 1 0/0 23:29 2:06 5:30
Max Jones 0 0 0 0 6 0 1 0 0 1 0/3 16:52 0:00 1:58
Parker Kelly 1 0 1 -1 2 2 2 0 0 1 1/3 22:48 1:57 4:21
Philip Broberg 0 0 0 -1 0 2 2 1 0 2 0/0 11:07 0:00 0:00
Vladislav Kolyachonok 0 0 0 0 0 1 0 3 0 0 0/0 18:58 1:57 3:03
Will Cuylle 0 0 0 -1 0 0 0 1 0 0 0/0 15:40 1:46 0:23
Players Stats for Edmonton Oil Kings
Player Name G A P +/- PIM S H SB GA TA FO MP PP MP PK MP
------------------------------------------------------------------------------------
Brett Kulak 0 0 0 0 0 3 1 3 1 0 0/0 22:13 4:18 1:25
Connor McMichael 1 0 1 0 0 3 2 0 0 0 1/1 9:33 0:32 0:00
Dawson Mercer 0 1 1 0 0 7 0 0 3 1 8/12 21:36 5:00 1:09
Dillon Dube 1 0 1 1 0 2 0 0 1 0 0/1 18:33 5:36 1:09
Dylan Holloway 0 0 0 1 2 2 4 0 0 0 4/7 11:43 0:00 0:00
Dysin Mayo 0 1 1 2 4 3 0 0 1 1 0/0 23:10 4:15 1:10
Filip Zadina 0 0 0 0 0 4 3 0 0 0 1/2 17:48 2:29 0:00
Gabriel Carlsson 0 0 0 0 0 1 2 0 0 1 0/0 20:44 4:18 0:00
Jack Johnson 0 1 1 2 0 2 0 0 0 1 0/0 19:11 0:00 2:38
Joey Anderson 1 0 1 1 0 2 2 1 3 0 1/1 14:00 2:52 0:00
Josh Mahura 0 0 0 0 0 2 1 1 0 1 0/0 19:42 4:15 1:28
Julien Gauthier 0 0 0 0 0 4 2 0 0 0 0/0 10:02 0:00 0:55
Libor Hajek 0 0 0 0 0 2 0 1 0 0 0/0 15:07 0:00 1:25
Morgan Barron 0 1 1 1 0 2 0 0 1 0 0/0 12:34 0:23 0:55
Nikita Alexandrov 0 0 0 0 0 0 1 0 0 0 3/5 9:43 0:42 0:00
Noah Gregor 0 0 0 1 0 2 0 0 1 1 2/2 19:21 5:36 1:59
Ryan McLeod 0 0 0 0 0 0 0 0 0 0 9/15 19:47 2:29 1:59
Tyler Angle 0 1 1 1 0 3 1 0 0 0 4/6 11:07 0:00 0:00
3 Stars
1 - Joey Anderson (EOK)
2 - Karel Vejmelka (EOK)
3 - Connor McMichael (EOK)
Power Play
Cape Breton Oilers - 1 on 3 Attempt(s) - 33.33%
Edmonton Oil Kings - 1 on 5 Attempt(s) - 20.00%
Penalty Kill
Cape Breton Oilers - 4 on 5 Attempt(s) - 80.00%
- Score 0 goal in Penalty Kill
Edmonton Oil Kings - 2 on 3 Attempt(s) - 66.67%
- Score 0 goal in Penalty Kill
Team Stat
Cape Breton Oilers - Hits : 11 - Faceoff Wins : 19 - Blocked Shots : 14 - Penalty Minutes : 10
Edmonton Oil Kings - Hits : 19 - Faceoff Wins : 33 - Blocked Shots : 6 - Penalty Minutes : 6
Official
Referees : Francis Charron and Evgeny Romasko
Linesman : Thor Nelson and Pierre Racicot
Game Notes
No Game Note
Cape Breton Oilers
5 vs 5 Forward
Center Left Wing Right Wing Time % Phy DF OF
1 Jack McBain Carl Grundstrom Parker Kelly 40 1 2 2
2 Egor Afanasyev Will Cuylle Alexey Toropchenko 30 1 2 2
3 Kody Clark Max Jones Hudson Fasching 20 1 2 2
4 Jack McBain Parker Kelly Kody Clark 10 1 2 2
5 vs 5 Defense
Defense Defense Time % Phy DF OF
1 Marcus Pettersson Juuso Valimaki 40 1 2 2
2 Kevin Bahl Vladislav Kolyachonok 30 1 2 2
3 Philip Broberg Leon Gawanke 20 1 2 2
4 Dylan McIlrath J.D. Greenway 10 1 2 2
PowerPlay Forward
Center Left Wing Right Wing Time % Phy DF OF
1 Jack McBain Carl Grundstrom Parker Kelly 60 1 2 2
2 Egor Afanasyev Will Cuylle Alexey Toropchenko 40 1 2 2
PowerPlay Defense
Defense Defense Time % Phy DF OF
1 Marcus Pettersson Juuso Valimaki 60 1 2 2
2 Kevin Bahl Vladislav Kolyachonok 40 1 2 2
Penalty Kill 4 Players Forward
Center Wing Time % Phy DF OF
1 Jack McBain Parker Kelly 60 1 2 2
2 Carl Grundstrom Alexey Toropchenko 40 1 2 2
Penalty Kill 4 Players Defense
Defense Defense Time % Phy DF OF
1 Marcus Pettersson Juuso Valimaki 60 1 2 2
2 Kevin Bahl Vladislav Kolyachonok 40 1 2 2
Penalty Kill - 3 Players Forward
Forward Time % Phy DF OF
1 Jack McBain 60 1 2 2
2 Parker Kelly 40 1 2 2
Penalty Kill - 3 Players Defense
Defense Defense Time % Phy DF OF
1 Marcus Pettersson Juuso Valimaki 60 1 2 2
2 Kevin Bahl Vladislav Kolyachonok 40 1 2 2
4 vs 4 Forward
Center Wing Time % Phy DF OF
1 Jack McBain Parker Kelly 60 1 2 2
2 Carl Grundstrom Alexey Toropchenko 40 1 2 2
4 vs 4 Defense
Defense Defense Time % Phy DF OF
1 Marcus Pettersson Juuso Valimaki 60 1 2 2
2 Kevin Bahl Vladislav Kolyachonok 40 1 2 2
Last Minutes Offensive
Center Left Wing Right Wing Defense Defense
Jack McBain Carl Grundstrom Parker Kelly Marcus Pettersson Juuso Valimaki
Last Minutes Defensive
Center Left Wing Right Wing Defense Defense
Jack McBain Carl Grundstrom Parker Kelly Marcus Pettersson Juuso Valimaki
Goaltenders
Starting : Jack LaFontaine
Backup : Matthew Villalta
Extra Forwards
Normal : Luke Evangelista, Hudson Fasching, Max Jones - PP : Luke Evangelista, Hudson Fasching - PK : Max Jones
Extra Defensemen
Normal : Philip Broberg, Leon Gawanke, Dylan McIlrath - PP : Philip Broberg - PK : Leon Gawanke, Dylan McIlrath
Penalty Shots
Jack McBain, Parker Kelly, Carl Grundstrom, Alexey Toropchenko, Egor Afanasyev
Edmonton Oil Kings
5 vs 5 Forward
Center Left Wing Right Wing Time % Phy DF OF
1 Ryan McLeod Filip Zadina Dawson Mercer 40 0 2 3
2 Dylan Holloway Noah Gregor Dillon Dube 30 0 2 3
3 Tyler Angle Morgan Barron Joey Anderson 20 0 2 3
4 Nikita Alexandrov Connor McMichael Julien Gauthier 10 0 2 3
5 vs 5 Defense
Defense Defense Time % Phy DF OF
1 Dysin Mayo Jack Johnson 40 1 3 1
2 Brett Kulak Gabriel Carlsson 40 1 4 0
3 Libor Hajek Josh Mahura 20 1 3 1
4 Dysin Mayo Jack Johnson 0 1 2 2
PowerPlay Forward
Center Left Wing Right Wing Time % Phy DF OF
1 Dawson Mercer Noah Gregor Dillon Dube 60 0 0 5
2 Ryan McLeod Filip Zadina Joey Anderson 40 0 1 4
PowerPlay Defense
Defense Defense Time % Phy DF OF
1 Dysin Mayo Josh Mahura 60 0 1 4
2 Brett Kulak Gabriel Carlsson 40 0 1 4
Penalty Kill 4 Players Forward
Center Wing Time % Phy DF OF
1 Ryan McLeod Noah Gregor 60 1 4 0
2 Dawson Mercer Dillon Dube 40 1 4 0
Penalty Kill 4 Players Defense
Defense Defense Time % Phy DF OF
1 Dysin Mayo Jack Johnson 60 1 4 0
2 Brett Kulak Libor Hajek 40 1 4 0
Penalty Kill - 3 Players Forward
Forward Time % Phy DF OF
1 Ryan McLeod 60 1 4 0
2 Noah Gregor 40 1 4 0
Penalty Kill - 3 Players Defense
Defense Defense Time % Phy DF OF
1 Dysin Mayo Jack Johnson 60 1 4 0
2 Brett Kulak Libor Hajek 40 1 4 0
4 vs 4 Forward
Center Wing Time % Phy DF OF
1 Ryan McLeod Dillon Dube 60 0 2 3
2 Dawson Mercer Noah Gregor 40 0 2 3
4 vs 4 Defense
Defense Defense Time % Phy DF OF
1 Dysin Mayo Jack Johnson 60 0 3 2
2 Brett Kulak Josh Mahura 40 0 2 3
Last Minutes Offensive
Center Left Wing Right Wing Defense Defense
Ryan McLeod Dillon Dube Dawson Mercer Dysin Mayo Jack Johnson
Last Minutes Defensive
Center Left Wing Right Wing Defense Defense
Ryan McLeod Noah Gregor Dillon Dube Dysin Mayo Jack Johnson
Goaltenders
Starting : Karel Vejmelka
Backup : Adam Huska
Extra Forwards
Normal : Nikita Alexandrov, Connor McMichael, Julien Gauthier - PP : Nikita Alexandrov, Connor McMichael - PK : Julien Gauthier
Extra Defensemen
Normal : Libor Hajek, Josh Mahura, Brett Kulak - PP : Libor Hajek - PK : Josh Mahura, Brett Kulak
Penalty Shots
Dawson Mercer, Dillon Dube, Noah Gregor, Filip Zadina, Ryan McLeod
% Time on Ice - Cape Breton Oilers
Lines # - Real PCT - Wanted PCT - Time Play
Normal Forward
1 - 31% - 40% - 14:34
2 - 34% - 30% - 15:57
3 - 30% - 20% - 14:27
4 - 5% - 10% - 2:26
Normal Defense
1 - 34% - 40% - 15:53
2 - 29% - 30% - 13:58
3 - 23% - 20% - 10:44
4 - 14% - 10% - 6:49
PP Forward
1 - 56% - 60% - 2:17
2 - 44% - 40% - 1:46
PP Defense
1 - 52% - 60% - 2:06
2 - 48% - 40% - 1:57
PK Forward
1 - 80% - 60% - 6:51
2 - 20% - 40% - 1:42
PK Defense
1 - 64% - 60% - 5:30
2 - 36% - 40% - 3:03
PK3 Forward
1 - 0% - 60%
2 - 0% - 40%
PK3 Defense
1 - 0% - 60%
2 - 0% - 40%
44 Forward
1 - 0% - 60%
2 - 0% - 40%
44 Defense
1 - 0% - 60%
2 - 0% - 40%
Last Minute Offensive - 0:00
Last Minute Defensive - 0:00
Total
Forward - 60:00
Defense - 60:00
|
% Time on Ice - Edmonton Oil Kings
Lines # - Real PCT - Wanted PCT - Time Play
Normal Forward
1 - 33% - 40% - 15:34
2 - 25% - 30% - 11:45
3 - 23% - 20% - 11:07
4 - 19% - 10% - 8:58
Normal Defense
1 - 37% - 40% - 17:38
2 - 35% - 40% - 16:45
3 - 27% - 20% - 13:01
4 - 0% - 0% - 0:00
PP Forward
1 - 66% - 60% - 5:41
2 - 34% - 40% - 2:52
PP Defense
1 - 50% - 60% - 4:15
2 - 50% - 40% - 4:18
PK Forward
1 - 72% - 60% - 2:54
2 - 28% - 40% - 1:09
PK Defense
1 - 65% - 60% - 2:38
2 - 35% - 40% - 1:25
PK3 Forward
1 - 0% - 60%
2 - 0% - 40%
PK3 Defense
1 - 0% - 60%
2 - 0% - 40%
44 Forward
1 - 0% - 60%
2 - 0% - 40%
44 Defense
1 - 0% - 60%
2 - 0% - 40%
Last Minute Offensive - 0:00
Last Minute Defensive - 0:00
Total
Forward - 60:00
Defense - 60:00
|
Play-by-Play
1st period
0:01 of 1st period - Ryan McLeod wins face-off versus Jack McBain in neutral zone.
0:12 of 1st period - Wrist shot by Dawson Mercer.
0:12 of 1st period - Stopped by Jack LaFontaine with a rebound.
1:24 of 1st period - Wrist shot by Hudson Fasching.
1:24 of 1st period - Stopped by Karel Vejmelka without a rebound.
1:25 of 1st period - Ryan McLeod wins face-off versus Jack McBain in Edmonton Oil Kings zone.
1:40 of 1st period - Snap shot by Filip Zadina.
1:40 of 1st period - Stopped by Jack LaFontaine without a rebound.
1:41 of 1st period - Dylan Holloway wins face-off versus Egor Afanasyev in Cape Breton Oilers zone.
3:21 of 1st period - Icing by Julien Gauthier.
3:22 of 1st period - Dylan Holloway wins face-off versus Jack McBain in Edmonton Oil Kings zone.
3:33 of 1st period - Backhand shot by Dillon Dube.
3:33 of 1st period - Deflect By Dylan Holloway.
3:33 of 1st period - Stopped by Jack LaFontaine with a rebound.
3:35 of 1st period - Slapshot by Dysin Mayo.
3:35 of 1st period - Stopped by Jack LaFontaine with a rebound.
3:37 of 1st period - Snap shot by Noah Gregor.
3:37 of 1st period - Shot Misses the Net.
3:49 of 1st period - Snap shot by Egor Afanasyev.
3:49 of 1st period - Stopped by Karel Vejmelka with a rebound.
3:51 of 1st period - Slapshot by Philip Broberg.
3:51 of 1st period - Deflect By Egor Afanasyev.
3:51 of 1st period - Stopped by Karel Vejmelka with a rebound.
3:53 of 1st period - Slapshot by Philip Broberg.
3:53 of 1st period - Stopped by Karel Vejmelka without a rebound.
3:54 of 1st period - Ryan McLeod wins face-off versus Egor Afanasyev in Edmonton Oil Kings zone.
3:59 of 1st period - Snap shot by Dawson Mercer.
3:59 of 1st period - Shot Blocked by Egor Afanasyev.
4:01 of 1st period - Wrist shot by Ryan McLeod.
4:01 of 1st period - Shot Blocked by J.D. Greenway.
4:03 of 1st period - Slapshot by Libor Hajek.
4:03 of 1st period - Stopped by Jack LaFontaine with a rebound.
4:05 of 1st period - Wrist shot by Libor Hajek.
4:05 of 1st period - Shot Misses the Net.
4:07 of 1st period - Slapshot by Ryan McLeod.
4:07 of 1st period - Shot Blocked by Alexey Toropchenko.
4:20 of 1st period - Icing by Parker Kelly.
4:21 of 1st period - Kody Clark wins face-off versus Dillon Dube in Cape Breton Oilers zone.
4:26 of 1st period - Snap shot by Parker Kelly.
4:26 of 1st period - Deflect By Jack McBain.
4:26 of 1st period - Stopped by Karel Vejmelka with a rebound.
4:28 of 1st period - Wrist shot by Kody Clark.
4:28 of 1st period - Stopped by Karel Vejmelka with a rebound.
4:50 of 1st period - Wrist shot by Filip Zadina.
4:50 of 1st period - Stopped by Jack LaFontaine with a rebound.
4:52 of 1st period - Snap shot by Dawson Mercer.
4:52 of 1st period - Stopped by Jack LaFontaine with a rebound.
4:54 of 1st period - Slapshot by Filip Zadina.
4:54 of 1st period - Deflect By Dawson Mercer.
4:54 of 1st period - Stopped by Jack LaFontaine with a rebound.
4:56 of 1st period - Slapshot by Brett Kulak.
4:56 of 1st period - Deflect By Filip Zadina.
4:56 of 1st period - Shot Blocked by Vladislav Kolyachonok.
4:56 of 1st period - Puck is out of play.
4:57 of 1st period - Parker Kelly wins face-off versus Tyler Angle in Cape Breton Oilers zone.
5:40 of 1st period - Icing by Libor Hajek.
5:41 of 1st period - Ryan McLeod wins face-off versus Egor Afanasyev in Edmonton Oil Kings zone.
5:41 of 1st period - Ryan McLeod is hit by Marcus Pettersson.
5:51 of 1st period - Snap shot by Egor Afanasyev.
5:51 of 1st period - Deflect By Alexey Toropchenko.
5:51 of 1st period - Shot Misses the Net.
5:51 of 1st period - Puck is out of play.
5:52 of 1st period - Jack McBain wins face-off versus Dylan Holloway in Edmonton Oil Kings zone.
7:19 of 1st period - Snap shot by Julien Gauthier.
7:19 of 1st period - Shot Misses the Net.
7:21 of 1st period - Slapshot by Brett Kulak.
7:21 of 1st period - Stopped by Jack LaFontaine without a rebound.
7:22 of 1st period - Nikita Alexandrov wins face-off versus Max Jones in Cape Breton Oilers zone.
7:37 of 1st period - Snap shot by Connor McMichael.
7:37 of 1st period - Stopped by Jack LaFontaine with a rebound.
7:56 of 1st period - Wrist shot by Egor Afanasyev.
7:56 of 1st period - Stopped by Karel Vejmelka with a rebound.
8:08 of 1st period - Slapshot by Carl Grundstrom.
8:08 of 1st period - Stopped by Karel Vejmelka without a rebound.
8:09 of 1st period - Joey Anderson wins face-off versus Parker Kelly in Edmonton Oil Kings zone.
8:53 of 1st period - Wrist shot by Hudson Fasching.
8:53 of 1st period - Shot Misses the Net.
8:55 of 1st period - Minor Penalty to Dysin Mayo for Holding.
8:56 of 1st period - Noah Gregor wins face-off versus Jack McBain in Edmonton Oil Kings zone.
8:56 of 1st period - Noah Gregor is hit by Parker Kelly.
9:22 of 1st period - Josh Mahura is hit by Marcus Pettersson and loses puck.
10:55 of 1st period - Penalty to Dysin Mayo is over, Dysin Mayo is back on ice.
11:35 of 1st period - Philip Broberg is hit by Dylan Holloway.
12:32 of 1st period - Snap shot by Connor McMichael.
12:32 of 1st period - Goal by Connor McMichael - Cape Breton Oilers : 0 - Edmonton Oil Kings : 1.
12:33 of 1st period - Jack McBain wins face-off versus Dawson Mercer in neutral zone.
12:36 of 1st period - Wrist shot by Carl Grundstrom.
12:36 of 1st period - Stopped by Karel Vejmelka without a rebound.
12:37 of 1st period - Dawson Mercer wins face-off versus Jack McBain in Edmonton Oil Kings zone.
13:10 of 1st period - Snap shot by Filip Zadina.
13:10 of 1st period - Shot Misses the Net.
13:30 of 1st period - Snap shot by Filip Zadina.
13:30 of 1st period - Stopped by Jack LaFontaine with a rebound.
13:32 of 1st period - Snap shot by Libor Hajek.
13:32 of 1st period - Stopped by Jack LaFontaine with a rebound.
13:57 of 1st period - Minor Penalty to Max Jones for Tripping.
13:58 of 1st period - Jack McBain wins face-off versus Nikita Alexandrov in Cape Breton Oilers zone.
14:28 of 1st period - Icing by Dillon Dube.
14:29 of 1st period - Connor McMichael wins face-off versus Jack McBain in Edmonton Oil Kings zone.
15:07 of 1st period - Wrist shot by Alexey Toropchenko.
15:07 of 1st period - Shot Misses the Net.
15:09 of 1st period - Slapshot by Carl Grundstrom.
15:09 of 1st period - Stopped by Karel Vejmelka with a rebound.
15:57 of 1st period - Penalty to Max Jones is over, Max Jones is back on ice.
16:10 of 1st period - Snap shot by Kody Clark.
16:10 of 1st period - Stopped by Karel Vejmelka without a rebound.
16:11 of 1st period - Nikita Alexandrov wins face-off versus Kody Clark in Edmonton Oil Kings zone.
16:24 of 1st period - Snap shot by Philip Broberg.
16:24 of 1st period - Shot Blocked by Brett Kulak.
16:34 of 1st period - Dillon Dube is hit by Philip Broberg and loses puck.
16:59 of 1st period - Marcus Pettersson is hit by Tyler Angle and loses puck.
19:01 of 1st period - Wrist shot by Hudson Fasching.
19:01 of 1st period - Shot Misses the Net.
19:38 of 1st period - Minor Penalty to Jack McBain for High sticking.
19:39 of 1st period - Noah Gregor wins face-off versus Max Jones in Cape Breton Oilers zone.
Goals for this period are 0 for Cape Breton Oilers vs 1 for Edmonton Oil Kings.
Shots for this period are 11 for Cape Breton Oilers vs 13 for Edmonton Oil Kings.
2nd period
0:01 of 2nd period - Dawson Mercer wins face-off versus Max Jones in neutral zone.
0:51 of 2nd period - Icing by Ryan McLeod.
0:52 of 2nd period - Egor Afanasyev wins face-off versus Ryan McLeod in Edmonton Oil Kings zone.
1:21 of 2nd period - Wrist shot by Dawson Mercer.
1:21 of 2nd period - Shot Misses the Net.
1:23 of 2nd period - Snap shot by Dawson Mercer.
1:23 of 2nd period - Stopped by Jack LaFontaine with a rebound.
1:38 of 2nd period - Penalty to Jack McBain is over, Jack McBain is back on ice.
1:48 of 2nd period - Snap shot by Joey Anderson.
1:48 of 2nd period - Shot Misses the Net.
1:50 of 2nd period - Snap shot by Morgan Barron.
1:50 of 2nd period - Stopped by Jack LaFontaine with a rebound.
1:52 of 2nd period - Wrist shot by Joey Anderson.
1:52 of 2nd period - Shot Misses the Net.
1:54 of 2nd period - Slapshot by Dysin Mayo.
1:54 of 2nd period - Stopped by Jack LaFontaine with a rebound.
2:04 of 2nd period - Carl Grundstrom is hit by Connor McMichael and loses puck.
2:32 of 2nd period - Icing by Dawson Mercer.
2:33 of 2nd period - Filip Zadina wins face-off versus Hudson Fasching in Edmonton Oil Kings zone.
2:45 of 2nd period - Double Minor Penalty to Max Jones for Slashing.
2:46 of 2nd period - Dawson Mercer wins face-off versus Jack McBain in Cape Breton Oilers zone.
2:46 of 2nd period - Slapshot by Dillon Dube.
2:46 of 2nd period - Stopped by Jack LaFontaine with a rebound.
2:53 of 2nd period - Icing by Dawson Mercer.
2:54 of 2nd period - Dawson Mercer wins face-off versus Jack McBain in Edmonton Oil Kings zone.
3:08 of 2nd period - Wrist shot by Dysin Mayo.
3:08 of 2nd period - Shot Blocked by Jack McBain.
3:10 of 2nd period - Snap shot by Noah Gregor.
3:10 of 2nd period - Shot Misses the Net.
3:12 of 2nd period - Backhand shot by Dawson Mercer.
3:12 of 2nd period - Shot Blocked by Marcus Pettersson.
3:14 of 2nd period - Slapshot by Dysin Mayo.
3:14 of 2nd period - Shot Misses the Net.
3:22 of 2nd period - Wrist shot by Dillon Dube.
3:22 of 2nd period - Goal by Dillon Dube - Cape Breton Oilers : 0 - Edmonton Oil Kings : 2.
3:23 of 2nd period - Dawson Mercer wins face-off versus Jack McBain in neutral zone.
3:30 of 2nd period - Backhand shot by Dawson Mercer.
3:30 of 2nd period - Stopped by Jack LaFontaine with a rebound.
3:32 of 2nd period - Slapshot by Josh Mahura.
3:32 of 2nd period - Stopped by Jack LaFontaine with a rebound.
3:34 of 2nd period - Backhand shot by Noah Gregor.
3:34 of 2nd period - Deflect By Parker Kelly.
3:34 of 2nd period - Shot Misses the Net.
3:34 of 2nd period - Puck is out of play.
3:35 of 2nd period - Dawson Mercer wins face-off versus Jack McBain in Cape Breton Oilers zone.
4:21 of 2nd period - Icing by Dawson Mercer.
4:22 of 2nd period - Jack McBain wins face-off versus Dawson Mercer in Edmonton Oil Kings zone.
4:23 of 2nd period - Snap shot by Parker Kelly.
4:23 of 2nd period - Stopped by Karel Vejmelka without a rebound.
4:24 of 2nd period - Dawson Mercer wins face-off versus Jack McBain in Edmonton Oil Kings zone.
4:36 of 2nd period - Icing by Dawson Mercer.
4:37 of 2nd period - Jack McBain wins face-off versus Dawson Mercer in Edmonton Oil Kings zone.
5:09 of 2nd period - Slapshot by Brett Kulak.
5:09 of 2nd period - Shot Blocked by Juuso Valimaki.
5:11 of 2nd period - Snap shot by Noah Gregor.
5:11 of 2nd period - Stopped by Jack LaFontaine with a rebound.
5:13 of 2nd period - Snap shot by Dawson Mercer.
5:13 of 2nd period - Stopped by Jack LaFontaine with a rebound.
5:22 of 2nd period - Penalty to Max Jones is over, Max Jones is back on ice.
5:23 of 2nd period - Slapshot by Dawson Mercer.
5:23 of 2nd period - Stopped by Jack LaFontaine without a rebound.
5:24 of 2nd period - Tyler Angle wins face-off versus Jack McBain in Cape Breton Oilers zone.
5:25 of 2nd period - Slapshot by Joey Anderson.
5:25 of 2nd period - Deflect By Kevin Bahl.
5:25 of 2nd period - Shot Misses the Net.
5:25 of 2nd period - Puck is out of play.
5:26 of 2nd period - Tyler Angle wins face-off versus Jack McBain in Cape Breton Oilers zone.
5:31 of 2nd period - Slapshot by Morgan Barron.
5:31 of 2nd period - Stopped by Jack LaFontaine with a rebound.
5:33 of 2nd period - Slapshot by Dysin Mayo.
5:33 of 2nd period - Stopped by Jack LaFontaine with a rebound.
5:35 of 2nd period - Snap shot by Jack Johnson.
5:35 of 2nd period - Shot Misses the Net.
5:37 of 2nd period - Snap shot by Jack Johnson.
5:37 of 2nd period - Shot Blocked by Vladislav Kolyachonok.
5:39 of 2nd period - Slapshot by Jack Johnson.
5:39 of 2nd period - Stopped by Jack LaFontaine with a rebound.
6:57 of 2nd period - Snap shot by Marcus Pettersson.
6:57 of 2nd period - Shot Blocked by Josh Mahura.
6:59 of 2nd period - Wrist shot by Egor Afanasyev.
6:59 of 2nd period - Stopped by Karel Vejmelka without a rebound.
7:00 of 2nd period - Alexey Toropchenko wins face-off versus Dylan Holloway in Edmonton Oil Kings zone.
7:05 of 2nd period - Wrist shot by Egor Afanasyev.
7:05 of 2nd period - Shot Misses the Net.
7:11 of 2nd period - Wrist shot by Noah Gregor.
7:11 of 2nd period - Stopped by Jack LaFontaine with a rebound.
7:13 of 2nd period - Snap shot by Noah Gregor.
7:13 of 2nd period - Shot Blocked by Philip Broberg.
7:15 of 2nd period - Slapshot by Jack Johnson.
7:15 of 2nd period - Stopped by Jack LaFontaine with a rebound.
7:55 of 2nd period - Wrist shot by Joey Anderson.
7:55 of 2nd period - Shot Misses the Net.
8:25 of 2nd period - Slapshot by Connor McMichael.
8:25 of 2nd period - Shot Misses the Net.
8:43 of 2nd period - Egor Afanasyev is hit by Filip Zadina.
8:47 of 2nd period - Slapshot by Marcus Pettersson.
8:47 of 2nd period - Stopped by Karel Vejmelka with a rebound.
8:49 of 2nd period - Wrist shot by Alexey Toropchenko.
8:49 of 2nd period - Stopped by Karel Vejmelka with a rebound.
8:51 of 2nd period - Snap shot by Kevin Bahl.
8:51 of 2nd period - Deflect By Alexey Toropchenko.
8:51 of 2nd period - Stopped by Karel Vejmelka with a rebound.
8:53 of 2nd period - Slapshot by Vladislav Kolyachonok.
8:53 of 2nd period - Stopped by Karel Vejmelka with a rebound.
9:08 of 2nd period - Minor Penalty to Parker Kelly for Hooking.
9:09 of 2nd period - Jack McBain wins face-off versus Dawson Mercer in Cape Breton Oilers zone.
9:55 of 2nd period - Dawson Mercer is hit by Max Jones and loses puck.
10:08 of 2nd period - Kevin Bahl is hit by Gabriel Carlsson and loses puck.
11:08 of 2nd period - Penalty to Parker Kelly is over, Parker Kelly is back on ice.
11:19 of 2nd period - Wrist shot by Egor Afanasyev.
11:19 of 2nd period - Deflect By Jack McBain.
11:19 of 2nd period - Shot Misses the Net.
11:19 of 2nd period - Puck is out of play.
11:20 of 2nd period - Jack McBain wins face-off versus Nikita Alexandrov in Edmonton Oil Kings zone.
11:58 of 2nd period - Juuso Valimaki is hit by Dylan Holloway and loses puck.
12:13 of 2nd period - Kody Clark is hit by Filip Zadina and loses puck.
12:28 of 2nd period - Marcus Pettersson is hit by Connor McMichael and loses puck.
12:33 of 2nd period - Snap shot by Julien Gauthier.
12:33 of 2nd period - Stopped by Jack LaFontaine without a rebound.
12:34 of 2nd period - Nikita Alexandrov wins face-off versus Jack McBain in Cape Breton Oilers zone.
13:30 of 2nd period - Slapshot by Joey Anderson.
13:30 of 2nd period - Shot Misses the Net.
13:32 of 2nd period - Snap shot by Tyler Angle.
13:32 of 2nd period - Shot Misses the Net.
14:22 of 2nd period - Snap shot by Dylan Holloway.
14:22 of 2nd period - Stopped by Jack LaFontaine with a rebound.
14:51 of 2nd period - Parker Kelly is hit by Julien Gauthier and loses puck.
15:37 of 2nd period - Off-side.
15:38 of 2nd period - Ryan McLeod wins face-off versus Kody Clark in neutral zone.
15:42 of 2nd period - Icing by Philip Broberg.
15:43 of 2nd period - Ryan McLeod wins face-off versus Kody Clark in Cape Breton Oilers zone.
15:49 of 2nd period - Icing by Max Jones.
15:50 of 2nd period - Dawson Mercer wins face-off versus Kody Clark in Cape Breton Oilers zone.
16:01 of 2nd period - Snap shot by Philip Broberg.
16:01 of 2nd period - Shot Misses the Net.
16:03 of 2nd period - Snap shot by Max Jones.
16:03 of 2nd period - Shot Misses the Net.
16:13 of 2nd period - Slapshot by Philip Broberg.
16:13 of 2nd period - Stopped by Karel Vejmelka without a rebound.
16:14 of 2nd period - Dylan Holloway wins face-off versus Parker Kelly in Edmonton Oil Kings zone.
16:16 of 2nd period - Minor Penalty to Dylan Holloway for Slashing.
16:17 of 2nd period - Jack McBain wins face-off versus Ryan McLeod in Edmonton Oil Kings zone.
16:17 of 2nd period - Wrist shot by Carl Grundstrom.
16:17 of 2nd period - Stopped by Karel Vejmelka without a rebound.
16:18 of 2nd period - Ryan McLeod wins face-off versus Jack McBain in Edmonton Oil Kings zone.
18:16 of 2nd period - Penalty to Dylan Holloway is over, Dylan Holloway is back on ice.
18:33 of 2nd period - Jack Johnson is hit by Marcus Pettersson and loses puck.
18:48 of 2nd period - Alexey Toropchenko is hit by Julien Gauthier and loses puck.
19:13 of 2nd period - Jack McBain is hit by Dylan Holloway.
19:53 of 2nd period - Dylan McIlrath is hit by Joey Anderson and loses puck.
Goals for this period are 0 for Cape Breton Oilers vs 1 for Edmonton Oil Kings.
Shots for this period are 8 for Cape Breton Oilers vs 17 for Edmonton Oil Kings.
3rd period
0:01 of 3rd period - Jack McBain wins face-off versus Ryan McLeod in neutral zone.
0:14 of 3rd period - Wrist shot by Filip Zadina.
0:14 of 3rd period - Stopped by Jack LaFontaine without a rebound.
0:15 of 3rd period - Dylan Holloway wins face-off versus Jack McBain in Cape Breton Oilers zone.
0:22 of 3rd period - Snap shot by Dillon Dube.
0:22 of 3rd period - Shot Misses the Net.
0:24 of 3rd period - Slapshot by Gabriel Carlsson.
0:24 of 3rd period - Shot Misses the Net.
1:05 of 3rd period - Wrist shot by Carl Grundstrom.
1:05 of 3rd period - Shot Misses the Net.
1:07 of 3rd period - Slapshot by J.D. Greenway.
1:07 of 3rd period - Shot Misses the Net.
1:09 of 3rd period - Slapshot by Carl Grundstrom.
1:09 of 3rd period - Stopped by Karel Vejmelka with a rebound.
1:11 of 3rd period - Slapshot by Parker Kelly.
1:11 of 3rd period - Shot Blocked by Brett Kulak.
1:13 of 3rd period - Slapshot by J.D. Greenway.
1:13 of 3rd period - Shot Blocked by Joey Anderson.
1:15 of 3rd period - Snap shot by Carl Grundstrom.
1:15 of 3rd period - Stopped by Karel Vejmelka without a rebound.
1:16 of 3rd period - Egor Afanasyev wins face-off versus Ryan McLeod in Edmonton Oil Kings zone.
1:41 of 3rd period - Jack Johnson is hit by Hudson Fasching and loses puck.
1:50 of 3rd period - Slapshot by Marcus Pettersson.
1:50 of 3rd period - Shot Blocked by Libor Hajek.
2:27 of 3rd period - Snap shot by Julien Gauthier.
2:27 of 3rd period - Stopped by Jack LaFontaine with a rebound.
2:45 of 3rd period - Wrist shot by Morgan Barron.
2:45 of 3rd period - Shot Misses the Net.
2:47 of 3rd period - Wrist shot by Tyler Angle.
2:47 of 3rd period - Stopped by Jack LaFontaine without a rebound.
2:48 of 3rd period - Tyler Angle wins face-off versus Jack McBain in Cape Breton Oilers zone.
3:13 of 3rd period - Slapshot by Tyler Angle.
3:13 of 3rd period - Stopped by Jack LaFontaine with a rebound.
3:15 of 3rd period - Slapshot by Tyler Angle.
3:15 of 3rd period - Shot Misses the Net.
3:17 of 3rd period - Snap shot by Joey Anderson.
3:17 of 3rd period - Goal by Joey Anderson - Cape Breton Oilers : 0 - Edmonton Oil Kings : 3.
3:18 of 3rd period - Jack McBain wins face-off versus Ryan McLeod in neutral zone.
3:44 of 3rd period - Dillon Dube is hit by Alexey Toropchenko and loses puck.
3:50 of 3rd period - Minor Penalty to Dysin Mayo for Tripping.
3:51 of 3rd period - Jack McBain wins face-off versus Ryan McLeod in Edmonton Oil Kings zone.
3:53 of 3rd period - Snap shot by Jack McBain.
3:53 of 3rd period - Deflect By Ryan McLeod.
3:53 of 3rd period - Stopped by Karel Vejmelka with a rebound.
3:55 of 3rd period - Snap shot by Parker Kelly.
3:55 of 3rd period - Goal by Parker Kelly - Cape Breton Oilers : 1 - Edmonton Oil Kings : 3.
3:56 of 3rd period - Jack McBain wins face-off versus Filip Zadina in neutral zone.
3:59 of 3rd period - Wrist shot by Carl Grundstrom.
3:59 of 3rd period - Shot Misses the Net.
4:21 of 3rd period - Noah Gregor is hit by Egor Afanasyev and loses puck.
4:28 of 3rd period - Slapshot by Dylan Holloway.
4:28 of 3rd period - Shot Misses the Net.
4:30 of 3rd period - Snap shot by Dylan Holloway.
4:30 of 3rd period - Shot Blocked by Will Cuylle.
5:49 of 3rd period - Will Cuylle is hit by Filip Zadina and loses puck.
6:42 of 3rd period - Slapshot by Josh Mahura.
6:42 of 3rd period - Shot Blocked by Hudson Fasching.
7:24 of 3rd period - Snap shot by Filip Zadina.
7:24 of 3rd period - Shot Blocked by Kevin Bahl.
7:54 of 3rd period - Slapshot by Connor McMichael.
7:54 of 3rd period - Deflect By Julien Gauthier.
7:54 of 3rd period - Stopped by Jack LaFontaine with a rebound.
7:56 of 3rd period - Slapshot by Gabriel Carlsson.
7:56 of 3rd period - Stopped by Jack LaFontaine with a rebound.
7:58 of 3rd period - Snap shot by Brett Kulak.
7:58 of 3rd period - Stopped by Jack LaFontaine without a rebound.
7:59 of 3rd period - Ryan McLeod wins face-off versus Kody Clark in Cape Breton Oilers zone.
9:06 of 3rd period - Wrist shot by Dawson Mercer.
9:06 of 3rd period - Shot Misses the Net.
9:08 of 3rd period - Wrist shot by Dawson Mercer.
9:08 of 3rd period - Shot Misses the Net.
9:20 of 3rd period - Snap shot by Connor McMichael.
9:20 of 3rd period - Stopped by Jack LaFontaine with a rebound.
9:22 of 3rd period - Snap shot by Nikita Alexandrov.
9:22 of 3rd period - Shot Misses the Net.
9:24 of 3rd period - Wrist shot by Julien Gauthier.
9:24 of 3rd period - Stopped by Jack LaFontaine with a rebound.
10:18 of 3rd period - Dawson Mercer is hit by Parker Kelly and loses puck.
11:52 of 3rd period - Snap shot by Vladislav Kolyachonok.
11:52 of 3rd period - Shot Misses the Net.
12:03 of 3rd period - Dysin Mayo is hit by Philip Broberg and loses puck.
12:24 of 3rd period - Egor Afanasyev is hit by Brett Kulak and loses puck.
13:01 of 3rd period - Jack McBain is hit by Dylan Holloway.
13:05 of 3rd period - Wrist shot by Dillon Dube.
13:05 of 3rd period - Shot Misses the Net.
13:07 of 3rd period - Slapshot by Gabriel Carlsson.
13:07 of 3rd period - Shot Misses the Net.
13:09 of 3rd period - Slapshot by Brett Kulak.
13:09 of 3rd period - Deflect By Juuso Valimaki.
13:09 of 3rd period - Stopped by Jack LaFontaine with a rebound.
13:11 of 3rd period - Slapshot by Josh Mahura.
13:11 of 3rd period - Stopped by Jack LaFontaine with a rebound.
13:27 of 3rd period - Egor Afanasyev is hit by Josh Mahura.
13:58 of 3rd period - Alexey Toropchenko is hit by Nikita Alexandrov and loses puck.
14:03 of 3rd period - Wrist shot by Connor McMichael.
14:03 of 3rd period - Deflect By Kevin Bahl.
14:03 of 3rd period - Shot Misses the Net.
14:03 of 3rd period - Puck is out of play.
14:04 of 3rd period - Jack McBain wins face-off versus Dylan Holloway in Cape Breton Oilers zone.
14:24 of 3rd period - Max Jones is hit by Gabriel Carlsson and loses puck.
15:11 of 3rd period - Egor Afanasyev is hit by Joey Anderson and loses puck.
15:40 of 3rd period - Icing by Egor Afanasyev.
15:41 of 3rd period - Ryan McLeod wins face-off versus Egor Afanasyev in Cape Breton Oilers zone.
15:52 of 3rd period - Snap shot by Joey Anderson.
15:52 of 3rd period - Stopped by Jack LaFontaine with a rebound.
15:54 of 3rd period - Slapshot by Libor Hajek.
15:54 of 3rd period - Shot Blocked by Vladislav Kolyachonok.
15:56 of 3rd period - Snap shot by Tyler Angle.
15:56 of 3rd period - Stopped by Jack LaFontaine with a rebound.
18:17 of 3rd period - Off-side.
18:18 of 3rd period - Tyler Angle wins face-off versus Jack McBain in neutral zone.
18:27 of 3rd period - Wrist shot by Morgan Barron.
18:27 of 3rd period - Shot Blocked by Marcus Pettersson.
19:06 of 3rd period - Icing by Max Jones.
19:07 of 3rd period - Luke Evangelista wins face-off versus Tyler Angle in Cape Breton Oilers zone.
19:24 of 3rd period - Snap shot by Vladislav Kolyachonok.
19:24 of 3rd period - Shot Blocked by Brett Kulak.
Goals for this period are 1 for Cape Breton Oilers vs 1 for Edmonton Oil Kings.
Shots for this period are 4 for Cape Breton Oilers vs 14 for Edmonton Oil Kings.
Back to the Top